 Dungeon Crawl Stone Soup version 0.29.0-7-g18a832c13a (webtiles) character file.

Game seed: 2507324026774886668

895 robertstho the Poker (level 8, -4/48 HPs)
             Began as a Tengu Berserker on Aug 30, 2022.
             Was a Priest of Trog.
             Killed from afar by a steam dragon (6 damage)
             ... with a ball of steam
             ... on level 6 of the Dungeon.
             The game lasted 00:05:22 (5394 turns).

robertstho the Poker (Tengu Berserker)              Turns: 5394, Time: 00:05:23

Health: -4/48      AC: 10    Str: 19    XL:     8   Next: 6%
Magic:  9/9        EV:  8    Int:  7    God:    Trog [***...]
Gold:   273        SH: 12    Dex: 15    Spells: 7/7 levels left

rFire   . . .      SeeInvis .   o - +3 trident (vorpal)
rCold   . . .      Faith    .   t - +0 tower shield
rNeg    . . .      Spirit   .   D - +0 scale mail
rPois   .          Reflect  .   (helmet restricted)
rElec   .          Harm     .   E - +2 cloak
rCorr   .          Rampage  .   (no gloves)
Will    .....                   (boots unavailable)
Stlth   ..........              (no amulet)
HPRegen 0.16/turn               (no ring)
MPRegen 0.11/turn               (no ring)

@: on berserk cooldown, flying quickly and evasively, slowed, very slow
A: beak, talons 3, nimble flight
a: Renounce Religion, Berserk, Trog's Hand


You were on level 6 of the Dungeon.
You worshipped Trog.
Trog was most pleased with you.
You visited 1 branch of the dungeon, and saw 6 of its levels.

You collected 273 gold pieces.

Inventory:

Hand Weapons
 a - a +0 spear
 o - a +3 vorpal trident (weapon)
Armour
 t - a +0 tower shield (worn)
 D - a +0 scale mail (worn)
 E - a +2 cloak (worn)
Wands
 v - a wand of mindburst (15)
Scrolls
 c - a scroll of silence
 e - 2 scrolls of amnesia {unknown}
 g - 3 scrolls of immolation
 h - a scroll of magic mapping {unknown}
 i - a scroll of enchant armour {unknown}
 j - 4 scrolls of teleportation {unknown}
 m - 3 scrolls of enchant weapon
 n - a scroll of torment {unknown}
 p - 2 scrolls of butterflies {unknown}
 q - a scroll of summoning {unknown}
 r - a scroll of vulnerability {unknown}
 s - 2 scrolls of poison
 y - 2 scrolls of noise {unknown}
 B - a scroll of fear {unknown}
Potions
 b - 2 potions of invisibility
 d - 2 potions of berserk rage
 f - a potion of degeneration {unknown}
 k - a potion of cancellation {unknown}
 l - a potion of brilliance {unknown}
 u - 3 potions of curing
 w - 3 potions of heal wounds {unknown}
 x - a potion of haste
 z - a potion of ambrosia {unknown}
 A - 2 potions of mutation
 C - a potion of lignification {unknown}


   Skills:
 * Level 4.6 Fighting
 + Level 6.4 Polearms
 * Level 5.9 Armour
 + Level 4.0 Dodging
 + Level 0.3 Stealth
 + Level 1.5 Shields


You had 7 spell levels left.
You didn't know any spells.
Your spell library was empty.

Dungeon Overview and Level Annotations

Branches:
Dungeon (6/15)
 Temple: D:4-7

Altars:
Nemelex Xobeh
Zin

Shops:
D:1 =

Annotations:
D:6 Edmund, Menkaure


Innate Abilities, Weirdness & Mutations

You have a beak for a mouth.
You have claws for feet.
Your magical nature lets you fly swiftly and evasively.


Message History

You feel yourself moving faster!
You feel mighty! The steam dragon breathes steam at you.
The ball of steam hits you!
Edmund grinds his teeth, and then sighs.
Menkaure calls on the powers of darkness!
The scorpion convulses!
Edmund convulses!
The steam dragon convulses!
Your body is wracked with pain!
* * * LOW HITPOINT WARNING * * *
You hear a shout! x2
You are too injured to fight recklessly!
Unknown command.
You are too injured to fight recklessly!
Unknown command.
You are too injured to fight recklessly!
Unknown command.
You are too injured to fight recklessly!
Unknown command.
You feel a strong urge to attack something.
You are engulfed in a cloud of scalding steam.
* * * LOW HITPOINT WARNING * * *
You feel your anger nearly subside.
You are no longer berserk.
You are exhausted.
You feel yourself slow down.
As you read the scroll labelled KEUFAE SENNO, it crumbles to dust.
The creatures around you are filled with an inner flame!
It was a scroll of immolation.
Edmund is engulfed in a cloud of scalding steam.
Flame seeps out of Edmund.
A gnoll comes into view. It is wielding a +0 halberd.
You feel better.
Edmund hits you with a +3 flail of protection.
* * * LOW HITPOINT WARNING * * *
Edmund hits you with a +3 flail of protection.
* * * LOW HITPOINT WARNING * * *
The white imp gestures at you. You block the puff of frost.
The steam dragon breathes steam at you. The ball of steam hits you.
You die...

..# .... ###...#
....... .......
#####.......
#.#####.s..5......
#.#
#....g.@DM....>...
#.#
#######@#####.....
#.# #.# .##. #.#
#.# .. #.# #.# ..
##.# #.# #
##.#############.#
##............##.#
...##########.##.#
##.# #.##.#


You could see Edmund (inner flame), a steam dragon (catching breath), Menkaure
(fast), a scorpion, a gnoll and a white imp.

Vanquished Creatures
  Sigmund (D:2)
  A centaur (D:6)
  A phantom (D:5)
  2 scorpions (D:5)
  2 hounds
  2 orc priests
  Crazy Yiuf (D:3)
  2 iguanas (D:5)
  4 orc wizards
  Ijyb (D:5)
  3 adders
  A shadow imp (D:5)
  3 dart slugs
  15 orcs
  9 endoplasms
  2 giant cockroaches
  13 goblins
  5 hobgoblins
  4 jackals (D:2)
  2 quokkas (D:3)
  9 ball pythons
  13 bats
  4 frilled lizards
  5 kobolds
  4 rats
109 creatures vanquished.

Notes
Turn   | Place    | Note
-------+----------+-------------------------------------------
     0 | D:1      | robertstho the Tengu Berserker began the quest for the Orb.
     0 | D:1      | Reached XP level 1. HP: 14/14 MP: 2/2
   204 | D:1      | Reached XP level 2. HP: 19/19 MP: 3/3
   302 | D:1      | Found a faded altar of an unknown god.
   466 | D:1      | Reached XP level 3. HP: 23/23 MP: 4/4
   471 | D:1      | Found Fug Faul's Jewellery Boutique.
  1066 | D:2      | You fall into a shaft and drop 1 floor!
  1072 | D:3      | Reached ** piety under Trog
  1285 | D:3      | Reached XP level 4. HP: 21/29 MP: 5/5
  1461 | D:3      | Reached skill level 4 in Polearms
  1827 | D:3      | Gained mutation: Your magical nature lets you fly swiftly
                  | and evasively. [Tengu growth]
  1827 | D:3      | Reached XP level 5. HP: 33/33 MP: 6/6
  2276 | D:3      | Found a runed translucent door.
  2277 | D:3      | Noticed Crazy Yiuf
  2284 | D:3      | Killed Crazy Yiuf
  2769 | D:2      | Noticed Sigmund
  2777 | D:2      | Killed Sigmund
  2778 | D:2      | Reached skill level 5 in Polearms
  2778 | D:2      | Reached skill level 1 in Shields
  2778 | D:2      | Reached XP level 6. HP: 39/39 MP: 7/7
  2879 | D:2      | Reached *** piety under Trog
  3409 | D:4      | Reached XP level 7. HP: 18/44 MP: 8/8
  3660 | D:4      | Identified the +7 short sword of Cemopn {drain, Str+3}
  3787 | D:4      | Found a glowing silver altar of Zin.
  3788 | D:4      | Noticed an angel
  3958 | D:4      | Found a sparkling altar of Nemelex Xobeh.
  4296 | D:5      | Entered Level 5 of the Dungeon
  4320 | D:5      | Reached skill level 5 in Armour
  4342 | D:5      | Noticed Ijyb
  4347 | D:5      | Killed Ijyb
  4783 | D:5      | Reached skill level 6 in Polearms
  5130 | D:6      | Reached XP level 8. HP: 38/48 MP: 9/9
  5383 | D:6      | Noticed Menkaure
  5384 | D:6      | Noticed Edmund
  5394 | D:6      | HP: 2/48 [Edmund/+3 flail of protection (6)]
  5394 | D:6      | Killed from afar by a steam dragon

Illustrated notes

Levels and vault maps discovered:
D:1:      onia_arrival_pentagram, layout_basic, serial_shops,
          nicolae_shop_statue_plus, nicolae_ecumenical_snake_handling,
          nrook_mini_backslash
D:2:      layout_loops_ring, grunt_ministairs_12, grunt_decor_cap, uniq_sigmund
D:3:      layout_loops_ring, chequers_serial_rivers_micro_b, minmay_circle_x,
          uniq_crazy_yiuf_cottage
D:4:      layout_basic, nemelex_spade_bored_becter, zin_angel
D:5:      layout_loops_ring, uniq_ijyb
D:6:      cheibrodos_steamvent, layout_loops_ring,
          minmay_temple_entry_purple_smoke, grunt_ministairs_10, uniq_menkaure,
          uniq_edmund, uniq_pikel

Skill      XL: |  1  2  3  4  5  6  7 |
---------------+----------------------+-----
Fighting       | 4 |  4.6
Polearms       | 4 5 6 |  6.4
Armour         | 3 4 5 |  5.9
Dodging        | 3 4 |  4.0
Shields        | 1 |  1.5
Stealth        | |  0.3

Action                   |  1- 3 |  4- 6 |  7- 9 || total
-------------------------+-------+-------+-------++-------
Melee: Spear             |    61 |       |       ||    61
       Kick              |    15 |    16 |    12 ||    43
       Peck              |     4 |    10 |     4 ||    18
       Trident           |    18 |   111 |    49 ||   178
Invok: Berserk           |       |     4 |     1 ||     5
  Use: Potion            |       |     2 |     1 ||     3
       Scroll            |       |       |     6 ||     6
Armor: Ring mail         |    21 |    47 |       ||    68
       Scale mail        |       |       |    10 ||    10
Dodge: Dodged            |    24 |    31 |    14 ||    69
Block: Tower shield      |       |    36 |    15 ||    51
